 Dungeon Crawl Stone Soup version 0.29.0-4-gdea44cf6ec (webtiles) character file.

Game seed: 15619954258792276071

10955 qw the Cleaver (level 11, -4/95 HPs)
             Began as a Minotaur Berserker on Sept 8, 2022.
             Was an Elder of Trog.
             Slain by a large abomination (12 damage)
             ... on level 1 of the Abyss.
             The game lasted 00:03:44 (12799 turns).

qw the Cleaver (Minotaur Berserker)                Turns: 12799, Time: 00:03:45

Health: -4/95      AC: 17    Str: 26    XL:     11   Next: 43%
Magic:  10/10      EV:  6    Int:  4    God:    Trog [****..]
Gold:   497        SH: 16    Dex: 10    Spells: 10/10 levels left

rFire   + + .      SeeInvis +   Y - +1 war axe
rCold   . . .      Faith    .   p - +0 tower shield
rNeg    . . .      Spirit   .   o - +4 chain mail {rPois}
rPois   +          Reflect  .   (helmet restricted)
rElec   .          Harm     .   f - +0 cloak
rCorr   .          Rampage  .   (no gloves)
Will    +....                   s - +1 pair of boots
Stlth   ..........              (no amulet)
HPRegen 0.00/turn               q - ring of willpower
MPRegen 0.12/turn               a - ring of Acin Sum {rF++ SInv}

@: about to teleport, on berserk cooldown, sick, slowed, very slow
A: horns 2, retaliatory headbutt
a: Renounce Religion, Berserk, Trog's Hand, Brothers in Arms


You were on level 1 of the Abyss.
You worshipped Trog.
Trog was greatly pleased with you.
You visited 1 branch of the dungeon, and saw 10 of its levels.
You visited the Abyss 1 time.

You collected 1295 gold pieces.
You spent 798 gold pieces at shops.


Innate Abilities, Weirdness & Mutations

You have a pair of horns on your head.
You reflexively headbutt those who attack you in melee.


   Skills:
 - Level 8.5 Fighting
 - Level 14.1 Axes
 - Level 3.0 Throwing
 - Level 6.3 Armour
 + Level 2.1 Dodging
 - Level 13.1 Shields


You had 10 spell levels left.
You didn't know any spells.
Your spell library was empty.

Inventory:

Hand Weapons
 c - a +0 morningstar of protection
 Y - a +1 war axe (weapon)
Missiles
 h - 8 javelins (quivered)
Armour
 f - a +0 cloak (worn)
 o - a +4 chain mail of poison resistance (worn)
 p - a +0 tower shield (worn)
 s - a +1 pair of boots (worn)
Jewellery
 a - the ring of Acin Sum (right hand) {rF++ SInv}
   (You found it on level 7 of the Dungeon)

   [ring of see invisible]

   rF:        It greatly protects you from fire.
   SInv:      It lets you see invisible.
 q - a ring of willpower (left hand)
Scrolls
 g - a scroll of identify
Potions
 d - 11 potions of curing
 e - 3 potions of haste
 i - a potion of mutation
 j - a potion of cancellation
 k - a potion of lignification {unknown}
 r - a potion of resistance {unknown}

Dungeon Overview and Level Annotations

Branches:
Dungeon (10/15)            Temple (0/1) D:7            Lair (0/5) D:10
    Orc (0/2) D:9

Altars:
Ashenzari

Shops:
D:3 !   D:5 :   D:9 [

Annotations:
D:10 Sonja


Message History

You block the thrashing horror's attack. x2
The neqoxec hits you but does no damage.
You slice the thrashing horror!!
You destroy the thrashing horror!
Trog accepts your kill.
You slash the neqoxec!
You kill the neqoxec!
Trog accepts your kill.
You feel your intelligence returning.
Your Armour skill increases to level 6!
You feel a strong urge to attack something.
You are no longer berserk.
You are exhausted.
You feel yourself slow down.
A large abomination comes into view.
You hit the large abomination but do no damage.
You headbutt the large abomination!
The large abomination is moderately damaged.
You block the large abomination's attack.
You hit the large abomination.
The large abomination is moderately damaged.
You block the large abomination's attack.
The large abomination hits you but does no damage.
You hit the large abomination but do no damage.
The large abomination is moderately damaged.
You block the large abomination's attack.
You hit the large abomination. You headbutt the large abomination.
The large abomination is moderately damaged.
The large abomination hits you.
You slash the large abomination!
You headbutt the large abomination, but do no damage.
The large abomination is severely damaged.
You block the large abomination's attack. x2
The large abomination hits you!!
12799 ||| READING scroll of teleportation.
As you read the scroll of teleportation, it crumbles to dust.
You feel strangely unstable.
You feel the power of the Abyss delaying your translocation!
The large abomination hits you!
You die...

.#...... ....#....
.#...............#
. .#..........##.#
##..........#..#
#..............
##.........#
#...........#
...#.#.........# #
####..#@X.#
#.....X.#...# #
..............#
#..........##X.#
..#......... .#
#...........#
#####...#.##
#......


You could see 2 large abominations.

Vanquished Creatures
  A thrashing horror (Abyss:1)
  Lodul (D:10)
  3 unseen horrors (D:10)
  An ancient zyme (Abyss:1)
  A hornet (D:10)
  An air elemental (Abyss:1)
  A wraith (D:9)
  16 yaks (D:10)
  A vampire (D:9)
  A neqoxec (Abyss:1)
  4 vampire mosquitoes (D:10)
  3 wargs (D:10)
  3 water moccasins
  4 orc warriors
  2 sky beasts (D:8)
  3 ice beasts
  3 black bears
  8 ogres (D:10)
  2 centaurs
  2 phantoms (D:5)
  3 bullfrogs
  3 kobold brigands
  Blork the orc (D:4)
  2 scorpions
  12 wights
  4 killer bees (D:9)
  A howler monkey (D:8)
  7 orc priests
  2 hounds
  A jelly (D:6)
  3 iguanas
  Natasha (thrice) (D:2)
  12 orc wizards
  4 adders
  3 gnolls (D:3)
  A shadow imp (D:7)
  3 white imps (D:7)
  2 ufetubi
  3 worms
  2 dart slugs
  65 orcs
  9 ball pythons
  3 endoplasms
  4 giant cockroaches
  8 goblins
  10 hobgoblins
  4 bats
  3 frilled lizards (D:3)
  30 kobolds
  10 rats
279 creatures vanquished.

Vanquished Creatures (others)
  2 plants (D:10)
2 creatures vanquished.

Grand Total: 281 creatures vanquished

Notes
Turn   | Place    | Note
-------+----------+-------------------------------------------
     0 | D:1      | qw the Minotaur Berserker began the quest for the Orb.
     0 | D:1      | Reached XP level 1. HP: 19/19 MP: 0/0
     0 | D:1      | 0 ||| qw: Version: 0.1-a-112-g44dc6cd
     0 | D:1      | 0 ||| qw: Game counter: 6753
     0 | D:1      | 0 ||| qw: Always use a shield: true
     0 | D:1      | 0 ||| qw: Do Orc after D:15 true
     0 | D:1      | 0 ||| qw: Do second Lair branch before Depths: true
     0 | D:1      | 0 ||| qw: Lair rune preference: random
     0 | D:1      | 0 ||| qw: Plans: Normal
     0 | D:1      | 0 ||| PLANNING D:1-11
    44 | D:1      | Reached skill level 4 in Axes
   144 | D:1      | Reached XP level 2. HP: 17/26 MP: 1/1
   401 | D:1      | 401 ||| Stepping ~*~*~tactically~*~*~ (stealth).
   658 | D:1      | Reached ** piety under Trog
   690 | D:1      | Reached skill level 5 in Axes
   936 | D:1      | Reached XP level 3. HP: 26/31 MP: 2/2
  1091 | D:1      | 1091 ||| UPGRADING to +0 buckler.
  1096 | D:1      | 1096 ||| READING scroll labelled VOROHOZ NANA.
  1233 | D:1      | 1233 ||| READING scroll labelled SOSUXO UVODIY.
  1234 | D:1      | 1234 ||| READING 3 scrolls labelled KUDWIKH VAGY.
  1235 | D:1      | 1235 ||| READING 2 scrolls of identify.
  1235 | D:1      | 1235 ||| IDENTIFYING dark potion
  1336 | D:2      | 1336 ||| Stepping ~*~*~tactically~*~*~ (stealth).
  1342 | D:2      | Noticed Natasha
  1343 | D:2      | 1343 ||| INVOKING Berserk.
  1349 | D:2      | Killed Natasha
  1480 | D:2      | Found a faded altar of an unknown god.
  1629 | D:2      | Noticed Natasha
  1630 | D:2      | 1630 ||| Stepping ~*~*~tactically~*~*~ (stealth).
  1636 | D:2      | 1636 ||| INVOKING Berserk.
  1642 | D:2      | Killed Natasha
  1643 | D:2      | Reached XP level 4. HP: 39/39 MP: 3/3
  1785 | D:2      | Noticed Natasha
  1786 | D:2      | 1786 ||| FLEEEEING.
  1801 | D:2      | 1801 ||| INVOKING Berserk.
  1802 | D:2      | Killed Natasha
  1803 | D:2      | Reached skill level 6 in Axes
  2092 | D:2      | 2092 ||| INVOKING Berserk.
  2421 | D:2      | Reached XP level 5. HP: 43/45 MP: 4/4
  2606 | D:2      | 2606 ||| READING 3 scrolls labelled XAAWKA VAOSA.
  2607 | D:2      | 2607 ||| READING 2 scrolls of enchant weapon.
  2607 | D:2      | 2607 ||| ENCHANTING +1 hand axe.
  2608 | D:2      | 2608 ||| READING scroll of enchant weapon.
  2608 | D:2      | 2608 ||| ENCHANTING +2 hand axe.
  2609 | D:2      | 2609 ||| READING scroll labelled MAGAWN KAEDD.
  2722 | D:3      | Found Nupaf's Distillery.
  2739 | D:3      | 2739 ||| BUYING potion of curing (30 gold).
  2739 | D:3      | Bought a potion of curing for 30 gold pieces
  2739 | D:3      | 2739 ||| BUYING potion of curing (30 gold).
  2739 | D:3      | Bought a potion of curing for 30 gold pieces
  2739 | D:3      | 2739 ||| BUYING potion of haste (100 gold).
  2739 | D:3      | Bought a potion of haste for 100 gold pieces
  2739 | D:3      | 2739 ||| SHOPLISTING potion of haste (100 gold, have 50).
  2739 | D:3      | 2739 ||| BUYING potion of heal wounds (50 gold).
  2739 | D:3      | Bought a potion of heal wounds for 50 gold pieces
  2983 | D:3      | Identified the +9 dagger of the Eleven Wars {vorpal, +Blink
                  | Str+2}
  3051 | D:3      | Identified the +1 leather armour "Ufeuggy" {Int+4}
  3192 | D:3      | 3192 ||| Stepping ~*~*~tactically~*~*~ (hiding).
  3194 | D:3      | 3194 ||| INVOKING Berserk.
  3212 | D:3      | Reached skill level 7 in Axes
  3705 | D:3      | 3705 ||| UPGRADING to +1 leather armour "Ufeuggy" {Int+4}.
  3715 | D:3      | 3715 ||| DROPPING +0 animal skin.
  3716 | D:3      | 3716 ||| UPGRADING to +0 chain mail.
  3726 | D:3      | 3726 ||| DROPPING +1 leather armour "Ufeuggy" {Int+4}.
  3727 | D:3      | 3727 ||| UPGRADING to ring of willpower.
  3728 | D:3      | 3728 ||| READING 3 scrolls labelled WEDWIR BYUCWOJ.
  3729 | D:3      | 3729 ||| READING scroll labelled MATEYP ZUFRAV.
  3730 | D:3      | 3730 ||| READING scroll labelled POECLI CIUNETU.
  3731 | D:3      | 3731 ||| READING scroll labelled BARUBUOSAPN.
  3732 | D:3      | 3732 ||| DROPPING 2 scrolls of vulnerability.
  3779 | D:4      | 3779 ||| STAIRDANCE
  3801 | D:4      | 3801 ||| STAIRDANCE
  3807 | D:3      | 3807 ||| DROPPING +0 whip.
  3811 | D:4      | 3811 ||| STAIRDANCE
  3813 | D:3      | 3813 ||| INVOKING Berserk.
  4471 | D:4      | Noticed Blork the orc
  4473 | D:4      | 4473 ||| INVOKING Berserk.
  4477 | D:4      | Killed Blork the orc
  4478 | D:4      | Reached XP level 6. HP: 52/52 MP: 5/5
  4599 | D:4      | 4599 ||| READING scroll of brand weapon.
  4599 | D:4      | 4599 ||| BRANDING +3 hand axe of protection.
  4850 | D:4      | 4850 ||| UPGRADING to +0 plate armour.
  4860 | D:4      | 4860 ||| DROPPING +0 chain mail.
  4861 | D:4      | 4861 ||| READING scroll labelled ECIS VOUCEUFREPE.
  4862 | D:4      | 4862 ||| READING scroll labelled ARYZXO SELEZA.
  4863 | D:4      | 4863 ||| READING 2 scrolls of identify.
  4863 | D:4      | 4863 ||| IDENTIFYING puce potion
  4864 | D:4      | 4864 ||| DROPPING potion of berserk rage.
  4901 | D:5      | Entered Level 5 of the Dungeon
  4903 | D:5      | 4903 ||| STAIRDANCE
  4908 | D:5      | 4908 ||| STAIRDANCE
  4910 | D:4      | 4910 ||| INVOKING Berserk.
  4911 | D:4      | 4911 ||| INVOKING Berserk.
  4913 | D:4      | Reached skill level 3 in Armour
  5037 | D:5      | Reached skill level 8 in Axes
  5052 | D:5      | 5052 ||| Stepping ~*~*~tactically~*~*~ (hiding).
  5053 | D:5      | 5053 ||| Stepping ~*~*~tactically~*~*~ (hiding).
  5057 | D:5      | 5057 ||| INVOKING Berserk.
  5081 | D:5      | Reached XP level 7. HP: 49/59 MP: 6/6
  5180 | D:5      | 5180 ||| SWAPPING to +0 war axe.
  5181 | D:5      | 5181 ||| DROPPING +3 spectral hand axe.
  5269 | D:5      | Reached skill level 9 in Axes
  5367 | D:5      | Found Pidwahot's Book Emporium.
  5428 | D:5      | Found a broken altar of Ashenzari.
  5663 | D:5      | Reached skill level 3 in Shields
  5943 | D:5      | 5943 ||| UPGRADING to +0 cloak.
  5948 | D:5      | 5948 ||| DROPPING scarf of shadows.
  5949 | D:5      | 5949 ||| UPGRADING to +0 tower shield.
  5959 | D:5      | 5959 ||| DROPPING +0 buckler.
  5960 | D:5      | 5960 ||| READING 2 scrolls of identify.
  5960 | D:5      | 5960 ||| IDENTIFYING murky white potion
  5989 | D:6      | 5989 ||| STAIRDANCE
  5998 | D:6      | 5998 ||| STAIRDANCE
  6331 | D:6      | Reached XP level 8. HP: 68/68 MP: 7/7
  6515 | D:6      | 6515 ||| INVOKING Berserk.
  6517 | D:6      | Reached skill level 6 in Shields
  6794 | D:6      | Reached *** piety under Trog
  6856 | D:6      | 6856 ||| UPGRADING to +0 pair of boots.
  6861 | D:6      | 6861 ||| READING scroll labelled XYACAR SECH.
  6866 | D:6      | 6866 ||| DRINKING 2 lumpy golden potions.
  6867 | D:6      | 6867 ||| DRINKING 2 coppery potions.
  6868 | D:6      | 6868 ||| DROPPING potion of flight.
  6869 | D:6      | 6869 ||| DROPPING potion of magic.
  6896 | D:7      | 6896 ||| INVOKING Berserk.
  6898 | D:7      | Reached skill level 1 in Throwing
  7029 | D:7      | Identified the ring of Acin Sum {rF++ SInv}
  7096 | D:7      | 7096 ||| FLEEEEING.
  7097 | D:7      | 7097 ||| FLEEEEING.
  7098 | D:7      | 7098 ||| FLEEEEING.
  7101 | D:7      | 7101 ||| STAIRDANCE
  7188 | D:6      | 7188 ||| UPGRADING to ring of Acin Sum {rF++ SInv}.
  7220 | D:7      | Found a staircase to the Ecumenical Temple.
  7226 | D:7      | 7226 ||| Stepping ~*~*~tactically~*~*~ (stealth).
  7334 | D:7      | 7334 ||| READING scroll of enchant weapon.
  7334 | D:7      | 7334 ||| ENCHANTING +0 war axe.
  7466 | D:7      | 7466 ||| Stepping ~*~*~tactically~*~*~ (stealth).
  7468 | D:7      | 7468 ||| Stepping ~*~*~tactically~*~*~ (stealth).
  7575 | D:7      | 7575 ||| Stepping ~*~*~tactically~*~*~ (hiding).
  7735 | D:7      | 7735 ||| DRINKING 2 fuming clear potions.
  7836 | D:7      | 7836 ||| DROPPING potion of ambrosia.
  7866 | D:8      | 7866 ||| Stepping ~*~*~tactically~*~*~ (stealth).
  7870 | D:8      | Reached skill level 9 in Shields
  8035 | D:8      | 8035 ||| INVOKING Berserk.
  8040 | D:8      | Reached XP level 9. HP: 73/74 MP: 8/8
  8051 | D:8      | HP: 18/74 [wight/+0 scimitar (6)]
  8052 | D:8      | 8052 ||| READING 2 scrolls of teleportation.
  8053 | D:8      | 8053 ||| DRINKING potion of heal wounds.
  8281 | D:8      | 8281 ||| Stepping ~*~*~tactically~*~*~ (stealth).
  8373 | D:8      | 8373 ||| INVOKING Berserk.
  8504 | D:8      | 8504 ||| DROPPING +0 vorpal war axe.
  8523 | D:8      | 8523 ||| Stepping ~*~*~tactically~*~*~ (stealth).
  8525 | D:8      | 8525 ||| Stepping ~*~*~tactically~*~*~ (hiding).
  8534 | D:8      | Reached **** piety under Trog
  8550 | D:8      | Reached skill level 10 in Axes
  8577 | D:8      | 8577 ||| Stepping ~*~*~tactically~*~*~ (stealth).
  8578 | D:8      | 8578 ||| Stepping ~*~*~tactically~*~*~ (stealth).
  8601 | D:8      | 8601 ||| Stepping ~*~*~tactically~*~*~ (hiding).
  8606 | D:8      | 8606 ||| INVOKING Berserk.
  8749 | D:8      | 8749 ||| Stepping ~*~*~tactically~*~*~ (stealth).
  8965 | D:8      | 8965 ||| Stepping ~*~*~tactically~*~*~ (hiding).
  9055 | D:8      | 9055 ||| INVOKING Berserk.
  9242 | D:8      | 9242 ||| Stepping ~*~*~tactically~*~*~ (stealth).
  9272 | D:8      | 9272 ||| Stepping ~*~*~tactically~*~*~ (hiding).
  9387 | D:8      | 9387 ||| Stepping ~*~*~tactically~*~*~ (hiding).
  9396 | D:8      | Reached skill level 6 in Fighting
  9904 | D:8      | 9904 ||| DRINKING 2 fizzy grey potions.
  9905 | D:8      | 9905 ||| DROPPING potion of attraction.
  9954 | D:9      | 9954 ||| Stepping ~*~*~tactically~*~*~ (stealth).
  9955 | D:9      | 9955 ||| Stepping ~*~*~tactically~*~*~ (stealth).
 10029 | D:9      | 10029 ||| Stepping ~*~*~tactically~*~*~ (stealth).
 10031 | D:9      | 10031 ||| Stepping ~*~*~tactically~*~*~ (hiding).
 10032 | D:9      | 10032 ||| Stepping ~*~*~tactically~*~*~ (hiding).
 10041 | D:9      | 10041 ||| Stepping ~*~*~tactically~*~*~ (hiding).
 10049 | D:9      | Reached skill level 11 in Axes
 10198 | D:9      | 10198 ||| Stepping ~*~*~tactically~*~*~ (stealth).
 10201 | D:9      | 10201 ||| INVOKING Berserk.
 10215 | D:9      | HP: 18/75 [killer bee (5)]
 10216 | D:9      | 10216 ||| READING 2 scrolls of teleportation.
 10217 | D:9      | 10217 ||| DRINKING 2 potions of heal wounds.
 10219 | D:9      | 10219 ||| DRINKING potion of heal wounds.
 10491 | D:9      | 10491 ||| INVOKING Berserk.
 10499 | D:9      | Reached XP level 10. HP: 83/83 MP: 9/9
 10688 | D:9      | 10688 ||| INVOKING Berserk.
 10710 | D:9      | Reached skill level 12 in Shields
 10923 | D:9      | Found Suruash's Armour Shop.
 10923 | D:9      | Found a staircase to the Orcish Mines.
 10939 | D:9      | 10939 ||| DROPPING +0 morningstar of venom.
 10952 | D:9      | 10952 ||| BUYING +1 chain mail of poison resistance (189
                  | gold).
 10952 | D:9      | Bought a +1 chain mail of poison resistance for 189 gold
                  | pieces
 10952 | D:9      | 10952 ||| BUYING +4 chain mail of poison resistance (399
                  | gold).
 10952 | D:9      | Bought a +4 chain mail of poison resistance for 399 gold
                  | pieces
 10998 | D:9      | Identified the +9 mace of the Gnashing Goat {freeze, *Slow
                  | rPois Str+4 SInv}
 11221 | D:9      | 11221 ||| Stepping ~*~*~tactically~*~*~ (stealth).
 11261 | D:9      | 11261 ||| UPGRADING to +1 chain mail of poison resistance.
 11271 | D:9      | 11271 ||| DROPPING +0 plate armour.
 11272 | D:9      | 11272 ||| UPGRADING to +4 chain mail of poison resistance.
 11282 | D:9      | 11282 ||| DROPPING +1 chain mail of poison resistance.
 11283 | D:9      | 11283 ||| DRINKING 2 bubbling sapphire potions.
 11284 | D:9      | 11284 ||| READING 2 scrolls of identify.
 11284 | D:9      | 11284 ||| IDENTIFYING lumpy grey potion
 11285 | D:9      | 11285 ||| DROPPING potion of degeneration.
 11290 | D:10     | Entered Level 10 of the Dungeon
 11329 | D:10     | 11329 ||| INVOKING Berserk.
 11332 | D:10     | Reached skill level 12 in Axes
 11534 | D:10     | 11534 ||| READING scroll of enchant armour.
 11534 | D:10     | 11534 ||| ENCHANTING +0 pair of boots.
 11570 | D:10     | 11570 ||| Stepping ~*~*~tactically~*~*~ (hiding).
 11571 | D:10     | 11571 ||| Stepping ~*~*~tactically~*~*~ (hiding).
 11572 | D:10     | 11572 ||| Stepping ~*~*~tactically~*~*~ (hiding).
 11630 | D:10     | 11630 ||| FLEEEEING.
 11632 | D:10     | Found a staircase to the Lair.
 11638 | D:10     | 11638 ||| STAIRDANCE
 11735 | D:10     | 11735 ||| INVOKING Berserk.
 11737 | D:10     | HP: 26/129 [yak (10)]
 11738 | D:10     | Reached skill level 13 in Axes
 12328 | D:10     | Noticed Lodul
 12331 | D:10     | 12331 ||| INVOKING Berserk.
 12333 | D:10     | Reached skill level 3 in Throwing
 12333 | D:10     | Reached XP level 11. HP: 92/92 MP: 10/10
 12341 | D:10     | Killed Lodul
 12677 | D:10     | Noticed Sonja
 12678 | D:10     | 12678 ||| Stepping ~*~*~tactically~*~*~ (hiding).
 12686 | Abyss:1  | Cast into level 1 of the Abyss (Sonja)
 12687 | Abyss:1  | 12687 ||| READING scroll labelled MAMISAULUDOMN.
 12721 | Abyss:1  | Found a corrupted altar of Lugonu.
 12721 | Abyss:1  | Paralysed by an air elemental for 1 turns
 12725 | Abyss:1  | Paralysed by an air elemental for 1 turns
 12728 | Abyss:1  | Paralysed by an air elemental for 1 turns
 12730 | Abyss:1  | 12730 ||| INVOKING Trog's Hand.
 12773 | Abyss:1  | Noticed a thrashing horror
 12787 | Abyss:1  | 12787 ||| INVOKING Berserk.
 12789 | Abyss:1  | Reached skill level 14 in Axes
 12790 | Abyss:1  | Killed a thrashing horror
 12791 | Abyss:1  | Reached skill level 6 in Armour
 12793 | Abyss:1  | Noticed a large abomination
 12798 | Abyss:1  | HP: 8/95 [large abomination (24)]
 12799 | Abyss:1  | 12799 ||| READING scroll of teleportation.
 12799 | Abyss:1  | Slain by a large abomination

Levels and vault maps discovered:
D:1:      dpeg_arrival_stonehenge_8_columns, layout_rooms
D:2:      layout_basic, dreamdust_ecumenical_altar_statues, uniq_natasha
D:3:      layout_basic, serial_shops, nicolae_shop_competitors_out_of_business
D:4:      layout_loops_corners, uniq_blork_the_orc
D:5:      layout_gridville, lemuel_coloured_pillars_altar, serial_shops, shop
D:6:      corexii_shack_village, layout_loops_ring, serial_glass,
          glass_columns_c, glass_columns_a, glass_columns_b, glass_columns_a,
          glass_columns_c, glass_columns_b, hex_tiny
D:7:      layout_cave_pools, minmay_temple_entry_hall
D:8:      layout_basic, grunt_ministairs_8, st_stairs_7
D:9:      layout_roguey [special_room_orc], orc_david_3, enter_bailey_8,
          nicolae_wwwww, hangedman_glass_teeth, grunt_ministairs_5
D:10:     layout_grid_maze, erik_lair_orcish_takeover, uniq_sonja, uniq_lodul,
          uniq_joseph, uniq_josephine
Abyss:1:  base:
D:2

Skill      XL: |  1  2  3  4  5  6  7  8  9 10 11 |
---------------+----------------------------------+-----
Axes           | 4 5 6 7 8 9 11 13 14 | 14.1
Shields        | 2 5 9 11 13 | 13.1
Fighting       | 4 5 6 7 8 |  8.5
Armour         | 3 4 5 6 |  6.3
Throwing       | 1 2 3 |  3.0
Dodging        | |  2.1

Action                   |  1- 3 |  4- 6 |  7- 9 | 10-12 || total
-------------------------+-------+-------+-------+-------++-------
Melee: Hand axe          |    88 |   122 |       |       ||   210
       Headbutt          |     9 |    17 |    45 |    29 ||   100
       War axe           |       |       |   281 |   162 ||   443
Throw: Javelin           |       |       |    27 |    12 ||    39
Invok: Berserk           |     2 |     7 |     8 |     5 ||    22
       Trog's Hand       |       |       |       |     1 ||     1
  Use: Scroll            |     4 |    12 |     5 |     4 ||    25
       Potion            |       |       |     7 |     1 ||     8
Armor: Animal skin       |    13 |     2 |       |       ||    15
       Chain mail        |       |     7 |       |    81 ||    88
       Plate armour      |       |     7 |   137 |    16 ||   160
Dodge: Dodged            |    50 |    47 |    46 |    40 ||   183
Block: Buckler           |     3 |    15 |    11 |       ||    29
       Tower shield      |       |       |   209 |   180 ||   389

Table legend:
 A = Non-vault XP
 B = Vault XP
 C = Vault XP percentage of total XP
 D = Non-vault monster count
 E = Vault monster count
 F = Vault count percentage of total count
                 A         B        C        D         E       F
            +---------+---------+-------+---------+---------+-------
      Total |   11750 |    3901 |  24.9 |     202 |      77 |  27.6
            +---------+---------+-------+---------+---------+-------
        D:1 |      43 |       0 |   0.0 |      25 |       0 |   0.0
        D:2 |     121 |      35 |  22.4 |      20 |       1 |   4.8
        D:3 |     148 |       0 |   0.0 |      23 |       0 |   0.0
        D:4 |     162 |      90 |  35.7 |      10 |       1 |   9.1
        D:5 |     586 |       0 |   0.0 |      13 |       0 |   0.0
        D:6 |     389 |      25 |   6.0 |      12 |      11 |  47.8
        D:7 |     733 |       0 |   0.0 |      20 |       0 |   0.0
        D:8 |    1826 |     370 |  16.8 |      32 |      13 |  28.9
        D:9 |     743 |    1101 |  59.7 |      18 |      36 |  66.7
       D:10 |    5471 |    2280 |  29.4 |      24 |      15 |  38.5
    Abyss:1 |    1528 |       0 |   0.0 |       5 |       0 |   0.0
            +---------+---------+-------+---------+---------+-------
